 Dungeon Crawl Stone Soup version 0.30.0-5-g1a98f26d00 (webtiles) character file.

Game seed: 16520419771132891025

1323 Adrian566 the Cleaver (level 8, -1/70 HPs)
             Began as a Hill Orc Fighter on May 12, 2023.
             Was a Follower of Beogh.
             Engulfed by a steam dragon's steam (9 damage)
             ... on level 6 of the Dungeon.
             The game lasted 00:03:45 (4931 turns).

Adrian566 the Cleaver (Hill Orc Fighter)            Turns: 4931, Time: 00:03:46

Health: -1/70      AC:  8    Str: 21    XL:     8   Next: 59%
Magic:  8/8        EV: 10    Int:  8    God:    Beogh [*.....]
Gold:   362        SH:  4    Dex: 10    Spells: 7/7 levels left

rFire   . . .        a - +0 war axe
rCold   . . .        c - +0 buckler
rNeg    . . .        b - +0 scale mail
rPois   .            e - +0 helmet
rElec   .            (no cloak)
rCorr   .            (no gloves)
SInv    .            (no boots)
Will    .....        (no amulet) Stlth
                     (no ring)
HPRegen 0.31/turn    (no ring)
MPRegen 0.11/turn

%: no passive effects
@: no status effects
A: no striking features
a: Renounce Religion


You were on level 6 of the Dungeon.
You worshipped Beogh.
Beogh was aware of your devotion.
You visited 2 branches of the dungeon, and saw 7 of its levels.

You collected 362 gold pieces.

Inventory:

Hand Weapons
 a - a +0 war axe (weapon)
Armour
 b - a +0 scale mail (worn)
 c - a +0 buckler (worn)
 e - a +0 helmet (worn)
Jewellery
 f - a ring of poison resistance
 i - a ring of wizardry
 y - an amulet of guardian spirit
Scrolls
 g - a scroll of butterflies {unknown}
 h - a scroll of poison
 m - 2 scrolls of fear
 n - a scroll of silence
 o - a scroll of teleportation
 p - a scroll of vulnerability {unknown}
 r - a scroll of noise {unknown}
 t - 5 scrolls of fog {unknown}
Potions
 d - a potion of might
 j - a potion of ambrosia {unknown}
 k - 3 potions of heal wounds {unknown}
 l - a potion of mutation {unknown}
 q - 2 potions of cancellation
 s - 5 potions of brilliance {unknown}
 u - 2 potions of flight {unknown}
 v - 3 potions of curing {unknown}
 w - a potion of haste {unknown}
 x - 2 potions of degeneration {unknown}


   Skills:
 + Level 5.8 Fighting
 + Level 9.2 Axes
 + Level 6.1 Armour
 + Level 2.2 Dodging
 + Level 0.5 Stealth
 + Level 4.7 Shields


You had 7 spell levels left.
You didn't know any spells.
Your spell library contained the following spells:

 Spells                   Type           Power      Damage    Failure   Level
 Blink                    Tloc           0%         N/A       90%         2
 Lesser Beckoning         Tloc           0%         N/A       90%         2
 Momentum Strike          Conj/Tloc      0%         3d8       90%         2


Dungeon Overview and Level Annotations

Branches:
Dungeon (6/15)             Temple (1/1) D:5

Altars:
Ashenzari
Cheibriados
Dithmenos
Elyvilon
Gozag
Hepliaklqana
Kikubaaqudgha
Makhleb
Nemelex Xobeh
Okawaru
Qazlal
Ru
Sif Muna
Trog
Uskayaw
Vehumet
Wu Jian
Xom
Yredelemnul
Zin
The Shining One

Shops:
D:3 ?

Annotations:
D:5 1 runed translucent door


Message History

No target in view!
No target in view!
No target in view!
No target in view!
No target in view!
No target in view!
No target in view!
You're standing in a cloud of steam!
Unknown command.
No target in view!
You are engulfed in a cloud of scalding steam.
You hit the steam dragon.
The steam dragon is lightly wounded.
You are engulfed in a cloud of scalding steam.
The steam dragon breathes steam at you. The ball of steam hits you!
You hit the steam dragon.
The steam dragon is moderately wounded.
You are engulfed in a cloud of scalding steam.
* * * LOW HITPOINT WARNING * * *
The steam dragon closely misses you.
The steam dragon claws you but does no damage.
You closely miss the steam dragon.
The steam dragon is moderately wounded.
You are engulfed in a cloud of scalding steam.
The steam dragon closely misses you.
The steam dragon claws you but does no damage.
Unknown command.
You barely miss the steam dragon.
The steam dragon is moderately wounded.
You block the steam dragon's attack. The steam dragon barely misses you.
You slash the steam dragon!
The steam dragon is severely wounded.
The steam dragon breathes steam at you. The ball of steam hits you!
* * * LOW HITPOINT WARNING * * *
You hit the steam dragon.
The steam dragon is severely wounded.
You are engulfed in a cloud of scalding steam.
You die...

#...#
####.##
#....#
#.####
#.# #.#
#§# #§#
#@# #D#
#.# ...
...
#....
##.#.
#.#..


You could see a steam dragon (catching breath).

Vanquished Creatures
  The ghost of buriedalive the Frost Mage, a novice DEIE of Kikubaaqudgha (D:5)
  2 black bears
  A sky beast (D:5)
  A phantom (D:4)
  A bullfrog (D:5)
  3 scorpions
  A jelly (D:4)
  2 orc priests
  2 hounds (D:5)
  7 orc wizards
  An iguana (D:4)
  7 gnolls
  A river rat (D:5)
  2 dart slugs
  17 orcs
  7 ball pythons
  8 bats
  5 endoplasms
  A giant cockroach (D:2)
  7 goblins
  4 hobgoblins
  5 jackals
  3 quokkas
  A frilled lizard (D:1)
  5 kobolds
  3 rats
98 creatures vanquished.

Vanquished Creatures (others)
  2 orcs (D:3)
  3 jackals (D:3)
  A frilled lizard (D:3)
  A rat (D:3)
7 creatures vanquished.

Grand Total: 105 creatures vanquished

Notes
Turn   | Place    | Note
-------+----------+-------------------------------------------
     0 | D:1      | Adrian566 the Hill Orc Fighter began the quest for the Orb.
     0 | D:1      | Reached XP level 1. HP: 19/19 MP: 1/1
    61 | D:1      | Found a faded altar of an unknown god.
   178 | D:1      | Reached skill level 3 in Axes
   178 | D:1      | Reached XP level 2. HP: 27/27 MP: 2/2
   587 | D:2      | Reached XP level 3. HP: 33/33 MP: 3/3
   605 | D:2      | Reached skill level 4 in Axes
   605 | D:2      | Reached XP level 4. HP: 10/40 MP: 4/4
  1664 | D:3      | Found Onlaocs's Magic Scroll Boutique.
  1693 | D:3      | Became a worshipper of Beogh the Brigand
  1928 | D:3      | Reached XP level 5. HP: 34/46 MP: 5/5
  2085 | D:4      | Reached skill level 5 in Axes
  2109 | D:4      | Noticed a phantom
  2121 | D:4      | Reached skill level 1 in Dodging
  2126 | D:4      | Killed a phantom
  2127 | D:4      | Reached skill level 6 in Axes
  2127 | D:4      | Reached XP level 6. HP: 26/53 MP: 6/6
  2466 | D:4      | Noticed a black bear
  2519 | D:4      | Reached * piety under Beogh
  2977 | D:4      | Killed a black bear
  2978 | D:4      | Reached XP level 7. HP: 60/60 MP: 7/7
  2988 | D:4      | Reached skill level 5 in Armour
  3054 | D:4      | Identified the +1 scale mail of the Harvest {rF+ Dex+7
                  | Slay-6}
  3362 | D:5      | Entered Level 5 of the Dungeon
  3376 | D:5      | Found a runed translucent door.
  3378 | D:5      | Noticed buriedalive's ghost (novice DEIE)
  3438 | D:5      | Reached skill level 5 in Fighting
  3438 | D:5      | Reached skill level 7 in Axes
  3637 | D:5      | Reached XP level 8. HP: 68/68 MP: 8/8
  3683 | D:5      | Found a staircase to the Ecumenical Temple.
  3701 | D:5      | Found a runed translucent door.
  3787 | D:5      | Reached skill level 8 in Axes
  4433 | D:5      | Killed buriedalive's ghost
  4434 | D:5      | Reached skill level 9 in Axes
  4526 | Temple   | Entered the Ecumenical Temple
  4931 | D:6      | Engulfed by a steam dragon's steam

Illustrated notes

Levels and vault maps discovered:
D:1:      nagdon_arrival_double_spiral, layout_rooms,
          ebering_ecumenical_altar_sacrificial, minmay_misc_feat_cross
D:2:      layout_loops_ring, uniq_crazy_yiuf_cottage
D:3:      layout_basic, serial_shops, shop
D:4:      layout_basic
D:5:      layout_basic, minmay_temple_entry_antechambers, ebering_ghost_sewer_f
D:6:      layout_loops_ring, minmay_fire_ice_demons
Temple:   mainiacjoe_temple_circle_huts

Skill      XL: |  1  2  3  4  5  6  7  8 |
---------------+-------------------------+-----
Axes           | 3 4 6 7 9 |  9.2
Fighting       | 4 5 |  5.8
Shields        | 4 |  4.7
Armour         | 4 5 6 |  6.1
Dodging        | 1 2 |  2.2
Stealth        | |  0.5

Action                     |  1- 3 |  4- 6 |  7- 9 || total
---------------------------+-------+-------+-------++-------
  Melee: War axe           |    64 |   148 |    93 ||   305
 Invoke: Convert to Beogh  |       |     1 |       ||     1
    Use: Scroll            |       |     7 |       ||     7
         Potion            |       |     2 |     1 ||     3
 Armour: Scale mail        |    39 |    88 |    41 ||   168
  Dodge: Dodged            |    45 |    99 |    39 ||   183
  Block: Buckler           |    21 |    43 |    16 ||    80
